 Dungeon Crawl Stone Soup version 0.20-a0-705-gbe8799e (webtiles) character file.

201 M4edhros the Sneak (level 5, 0/34 HPs)
             Began as an Octopode Artificer on Feb 21, 2017.
             Was a Priest of Zin.
             Slain by Grinder (6 damage)
             ... on level 3 of the Dungeon.
             The game lasted 00:03:23 (3487 turns).

M4edhros the Sneak (Octopode Artificer)             Turns: 3487, Time: 00:03:24

Health: 0/34       AC:  1    Str: 11    XL:     5   Next: 79%
Magic:  7/7        EV: 14    Int: 13    God:    Zin [***...]
Gold:   221        SH:  0    Dex: 14    Spells: 4/4 levels left

rFire    . . .     SeeInvis .   k - +2 dagger (freeze)
rCold    . . .     Gourm    .   (no shield)
rNeg     . . .     Faith    .   (helmet restricted)
rPois    .         Spirit   .   (no amulet)
rElec    .         Reflect  .   (no ring)
rCorr    .         Harm     .   (no ring)
MR       .....                  (no ring)
Stlth    ++++......             (no ring)
Regen    0.2/turn               (no ring)
MPRegen  0.1/turn               (no ring)
                                (no ring)
                                (no ring)

@: short of breath, reciting
A: almost no armour, stealthy swim, amphibious, 8 rings, constrict 8, camouflage
1, gelatinous body 1
a: Recite, Vitalisation, Imprison, Donate Gold, Renounce Religion


You were on level 3 of the Dungeon.
You worshipped Zin.
Zin was most pleased with you.
You were not hungry.

You visited 1 branch of the dungeon, and saw 3 of its levels.

You collected 245 gold pieces.
You donated 24 gold pieces to Zin.

Inventory:

Hand Weapons
 a - a +0 short sword
 k - a +2 dagger of freezing (weapon)
 r - a +0 hunting sling
Missiles
 q - 115 stones (quivered)
Jewellery
 j - an uncursed ring of ice
 y - an uncursed ring of protection from fire {unknown}
Wands
 b - a wand of flame (8/48)
 c - a wand of enslavement (9/24)
 d - a wand of random effects (15/48)
 w - a wand of iceblast (6/15)
Scrolls
 e - 2 scrolls of immolation {unknown}
 h - 2 scrolls of amnesia {unknown}
 i - 2 scrolls of identify {unknown}
 l - 2 scrolls of teleportation {unknown}
 m - a scroll of fog {unknown}
 s - a scroll of noise {unknown}
 t - 3 scrolls of magic mapping {unknown}
 v - a scroll of enchant armour {unknown}
 x - a scroll of blinking {unknown}
Potions
 n - 2 potions of curing
 p - 2 potions of berserk rage {unknown}
 u - a potion of flight {unknown}
Comestibles
 f - a bread ration
 g - 5 fruits
 o - 2 meat rations


   Skills:
 + Level 2.0 Fighting
 - Level 1.0 Short Blades
 * Level 3.5 Dodging
 + Level 5.2 Stealth
 * Level 2.1 Invocations
 - Level 3.2 Evocations


You had 4 spell levels left.
You didn't know any spells.

Dungeon Overview and Level Annotations

Branches:
Dungeon (3/15)

Altars:
Cheibriados
Elyvilon
Uskayaw
Zin

Annotations:
D:3 Grinder


Innate Abilities, Weirdness & Mutations

You cannot wear most types of armour.
You are very stealthy in the water. (Stealth+)
You are amphibious.
You can wear up to eight rings at the same time.
You can use your tentacles to constrict eight enemies at once.
Your skin changes colour to match your surroundings (Stealth+).
Your rubbery body absorbs attacks. (AC +1, EV +1)


Message History

Grinder shouts!
Grinder drinks a potion.
Grinder suddenly seems more agile.
You hit Grinder but do no damage. Your grab misses Grinder. Grinder hits you.
You closely miss Grinder. Your grab misses Grinder. Grinder gestures at you.
You suddenly lose the ability to move!
Grinder hits you.
You writhe in agony.
Grinder hits you.
You writhe in agony.
The rat bites you.
* * * LOW HITPOINT WARNING * * *
You can move again.
Unknown command.
Unknown command.
Unknown command.
You feel better. Grinder hits you! The rat barely misses you.
You clear your throat and prepare to recite. "Zin spoke of the doctrine of purity, and..."
Grinder hits you.
* * * LOW HITPOINT WARNING * * *
You writhe in agony.
You die...

.. !# .# ##### ####.#
#...##########....###r#
......................#
#######.########..###.#
# ♣♣.♣ ♣r.♣ # ♣♣.♣♣
♣@.♣ # ♣.♣♣ ♣.5♣ # ♣.♣
♣..♣ # ♣.♣ ♣♣.♣ # ♣.♣
♣. # ♣.♣ .♣ # ♣♣.♣ ♣.
♣♣.♣♣ .♣ ♣.♣♣


You could see Grinder and a rat.

Vanquished Creatures
  2 orc wizards (D:3)
  2 gnolls (D:2)
  4 adders
  5 worms
  2 dart slugs (D:2)
  3 leopard geckos
  2 orcs (D:3)
  5 bats
  3 giant cockroaches
  9 hobgoblins
  2 ball pythons
  3 frilled lizards
  9 goblins
  10 kobolds
  8 rats
69 creatures vanquished.

Vanquished Creatures (collateral kills)
  A hobgoblin (D:3)
1 creature vanquished.

Vanquished Creatures (others)
  A gnoll (D:2)
1 creature vanquished.

Grand Total: 71 creatures vanquished

Notes
Turn   | Place    | Note
-------+----------+-------------------------------------------
     0 | D:1      | M4edhros the Octopode Artificer began the quest for the Orb.
     0 | D:1      | Reached XP level 1. HP: 13/13 MP: 3/3
    33 | D:1      | You fall through a shaft!
    33 | D:2      | Found a hide-covered altar of Uskayaw.
    33 | D:2      | Noticed a hand axe
    33 | D:2      | Noticed a dagger
   286 | D:2      | Reached skill level 2 in Stealth
   311 | D:2      | Reached skill level 3 in Stealth
   311 | D:2      | Reached XP level 2. HP: 8/18 MP: 4/4
   777 | D:2      | Reached skill level 4 in Stealth
   787 | D:2      | Found a faded altar of an unknown god.
   795 | D:2      | Reached XP level 3. HP: 19/23 MP: 5/5
   801 | D:2      | Became a worshipper of Zin the Law-Giver
   801 | D:2      | Reached * piety under Zin
  1051 | D:1      | Reached ** piety under Zin
  1744 | D:2      | Reached XP level 4. HP: 28/28 MP: 6/6
  2078 | D:2      | Reached skill level 1 in Invocations
  2747 | D:3      | Found a snail-covered altar of Cheibriados.
  2782 | D:3      | Reached skill level 5 in Stealth
  2795 | D:3      | Reached XP level 5. HP: 7/34 MP: 7/7
  2809 | D:3      | Found a white marble altar of Elyvilon.
  3107 | D:3      | Reached *** piety under Zin
  3477 | D:3      | Noticed Grinder
  3483 | D:3      | Paralysed by Grinder for 2 turns
  3487 | D:3      | Slain by Grinder

Vault maps used:
D:1:      doesnt_arrival_eight_statues, serial_park_tiny_1
D:2:      dancing_weapons_uskayaw, chequers_ecumenical_altar_simple
D:3:      kb_forest_paths, lemuel_coloured_pillars_altar, elyvilon_altar_1,
          uniq_grinder

Skill      XL: |  1  2  3  4  5 |
---------------+----------------+-----
Stealth        | 3 4 5 |  5.2
Invocations    | 1 2 |  2.1
Dodging        | 3 |  3.5
Fighting       | 2 |  2.0
Short Blades   | |  1.0
Evocations     | |  3.2

Action                   |  1- 3 |  4- 6 || total
-------------------------+-------+-------++-------
Melee: Short sword       |    27 |       ||    27
       Constrict         |    14 |    14 ||    28
       Tentacles         |     6 |     5 ||    11
       Dagger            |    40 |    50 ||    90
Invok: Recite            |       |     1 ||     1
Evoke: Wand              |     2 |    11 ||    13
  Use: Potion            |       |     3 ||     3
 Stab: Sleeping          |     8 |    12 ||    20
       Distracted        |     1 |     1 ||     2
  Eat: Chunk             |     3 |     5 ||     8
Armor: Skin              |     4 |     3 ||     7
Dodge: Dodged            |    30 |    29 ||    59
